 Dungeon Crawl Stone Soup version 0.22-a0-160-gcc81d7a (webtiles) character file.

415 vishdafish the Slasher (level 6, -3/46 HPs)
             Began as a Demonspawn Skald on Feb 10, 2018.
             Slain by a gnoll
             ... wielding a +0 spear
              (7 damage)
             ... on level 4 of the Dungeon.
             The game lasted 00:08:31 (4666 turns).

vishdafish the Slasher (Demonspawn Skald)           Turns: 4666, Time: 00:08:32

Health: -3/46      AC:  4    Str: 11    XL:     6   Next: 60%
Magic:  8/9        EV: 13    Int: 16    God:
Gold:   106        SH:  0    Dex: 13    Spells: 9/10 levels left

rFire    . . .     SeeInvis .   a - +0 falchion
rCold    + . .     Gourm    .   (no shield)
rNeg     . . .     Faith    .   n - +1 robe {rC+}
rPois    .         Spirit   .   (no helmet)
rElec    .         Reflect  .   (no cloak)
rCorr    +         Harm     .   r - +0 pair of gloves
MR       .....                  (no boots)
Stlth    ++........             (no amulet)
HPRegen  0.15/turn              m - ring of resist corrosion
MPRegen  0.11/turn              (no ring)

@: infused
A: claws 1, nightstalker 1, powered by death 1
a: no special abilities


You were on level 4 of the Dungeon.
You were hungry.

You visited 1 branch of the dungeon, and saw 4 of its levels.

You collected 106 gold pieces.

Inventory:

Hand Weapons
 a - a +0 falchion (weapon)
Armour
 b - a +0 leather armour
 n - a +1 robe of cold resistance (worn)
 r - a +0 pair of gloves (worn)
Jewellery
 m - a ring of resist corrosion (left hand)
Scrolls
 e - a scroll of blinking {unknown}
 f - 6 scrolls of teleportation {unknown}
 g - 7 scrolls of identify {unknown}
 h - 3 scrolls of enchant weapon {unknown}
 l - 2 scrolls of remove curse {unknown}
 p - 3 scrolls of amnesia {unknown}
 q - 2 scrolls of random uselessness {unknown}
 s - a scroll of immolation {unknown}
 v - 2 scrolls of fear {unknown}
Potions
 i - a potion of lignification {unknown}
 k - a potion of flight {unknown}
 o - a potion of agility {unknown}
 u - a potion of heal wounds {unknown}
Books
 c - a book of Battle

   Spells                             Type                      Level
   a - Infusion                       Charms                       1
   b - Shroud of Golubria             Charms/Translocation         2
   c - Song of Slaying                Charms                       2
   d - Spectral Weapon                Hexes/Charms                 3
   e - Regeneration                   Charms/Necromancy            3
 j - a book of Minor Magic

   Spells                             Type                      Level
   a - Magic Dart                     Conjuration                  1
   b - Blink                          Translocation                2
   c - Call Imp                       Summoning                    2
   d - Slow                           Hexes                        2
   e - Conjure Flame                  Conjuration/Fire             3
   f - Mephitic Cloud                 Conjuration/Poison/Air       3
 t - a book of Misfortune

   Spells                             Type                      Level
   a - Confusing Touch                Hexes                        1
   b - Confuse                        Hexes                        3
   c - Gell's Gravitas                Translocation                3
   d - Petrify                        Transmutation/Earth          4
   e - Metabolic Englaciation         Hexes/Ice                    5
   f - Yara's Violent Unravelling     Hexes/Transmutation          5
Comestibles
 d - 8 rations


   Skills:
 + Level 2.8 Fighting
 + Level 4.0 Long Blades
 - Level 2.2 Armour
 + Level 3.3 Dodging
 + Level 2.6 Spellcasting
 - Level 3.4 Charms


You had 9 spell levels left.
You knew the following spells:

 Your Spells              Type           Power        Failure   Level  Hunger
a - Infusion              Chrm           ##..         4%          1    #......


Dungeon Overview and Level Annotations

Branches:
Dungeon (4/15)
 Temple: D:4-7

Altars:
Elyvilon


Innate Abilities, Weirdness & Mutations

You have sharp fingernails.
You are slightly more attuned to the shadows.
You regenerate a little health from kills.


Message History

The gnoll shouts!
The gnoll shaman shouts!
The gnoll shouts!
The gnoll misses you.
You closely miss the gnoll. The gnoll misses you.
You riposte.
You barely miss the gnoll. You closely miss the gnoll. The gnoll misses you.
You hit the gnoll.
The gnoll is lightly wounded.
The gnoll hits you from afar with a spear!
A frilled lizard comes into view.
The gnoll shaman hits you with a club.
The gnoll hits you from afar with a spear. x2
The frilled lizard hisses angrily.
The gnoll hits you but does no damage.
The gnoll hits you from afar with a spear.
There is a stone staircase leading up here.
The gnoll hits you from afar with a spear!
* * * LOW HITPOINT WARNING * * *
The gnoll shaman hits you but does no damage.
The gnoll hits you from afar with a spear!
You die...

############.# ###.#
..#......##.# #.#
##)#...#.###.# #.##
#..#...._..#.# #..#
#......#.#...# ###.#
#####.........#..# #....
...#......#......##..#....#..
...........####..............
..........gg@..#####.........
...............# ...##....
..........gg...# ...##....
............##..# ......
..............#l.. ...##.
................... ####.
.............. ... #..
.......##.... #.. #..


You could see a gnoll shaman, 3 gnolls and a frilled lizard.

Vanquished Creatures
  An ogre (D:2)
  A hound (D:4)
  A bullfrog skeleton (D:4)
  Natasha (thrice) (D:3)
  A gnoll (D:1)
  7 adders
  2 oozes
  3 worms
  5 dart slugs
  4 leopard geckos
  2 orcs
  6 bats
  3 giant cockroaches (D:3)
  12 goblins
  15 hobgoblins
  5 jackals (D:1)
  9 kobolds
  A quokka (D:2)
  2 ball pythons
  7 frilled lizards
  A jackal skeleton (D:4)
  15 rats
106 creatures vanquished.

Notes
Turn   | Place    | Note
-------+----------+-------------------------------------------
     0 | D:1      | vishdafish the Demonspawn Skald began the quest for the Orb.
     0 | D:1      | Reached XP level 1. HP: 16/16 MP: 3/3
    35 | D:1      | Reached skill level 1 in Armour
    44 | D:1      | Reached skill level 2 in Long Blades
   195 | D:1      | Gained mutation: You are slightly more attuned to the shadows. [demonic ancestry]
   195 | D:1      | Reached XP level 2. HP: 19/22 MP: 0/5
   620 | D:2      | Reached XP level 3. HP: 7/27 MP: 3/6
  1167 | D:2      | Noticed an ogre
  1592 | D:1      | Gained mutation: You have sharp fingernails. [demonic ancestry]
  1592 | D:1      | Reached XP level 4. HP: 22/33 MP: 7/7
  1940 | D:2      | Killed an ogre
  1940 | D:2      | Reached skill level 3 in Long Blades
  1940 | D:2      | Gained mutation: You regenerate a little health from kills. [demonic ancestry]
  1940 | D:2      | Reached XP level 5. HP: 36/38 MP: 8/8
  3361 | D:3      | Noticed Natasha
  3367 | D:3      | Killed Natasha
  3452 | D:3      | Found a faded altar of an unknown god.
  3705 | D:3      | Reached XP level 6. HP: 42/44 MP: 9/9
  3751 | D:3      | Noticed Natasha
  3757 | D:3      | Killed Natasha
  3857 | D:3      | Noticed Natasha
  4112 | D:3      | Killed Natasha
  4475 | D:4      | Reached skill level 4 in Long Blades
  4635 | D:4      | Found a white marble altar of Elyvilon.
  4666 | D:4      | Slain by a gnoll

Vault maps used:
D:1:      shiori_arrival_elements, minmay_nonomino_d4
D:3:      first_ration, chequers_ecumenical_altar_island, uniq_natasha
D:4:      marbit_many_paths, lemuel_crystal_altar, nicolae_ossuary_entry_giza,
          uniq_blork_the_orc

Skill      XL: |  1  2  3  4  5  6 |
---------------+-------------------+-----
Armour         | 1 2 |  2.2
Long Blades    | 2 3 4 |  4.0
Dodging        | 2 3 |  3.3
Charms         | 3 |  3.4
Fighting       | |  2.8
Spellcasting   | |  2.6

Action                   |  1- 3 |  4- 6 || total
-------------------------+-------+-------++-------
Melee: Falchion          |   143 |   216 ||   359
 Cast: Infusion          |     6 |    12 ||    18
  Use: Potion            |     1 |     3 ||     4
 Stab: Sleeping          |     3 |    12 ||    15
  Eat: Chunk             |     2 |    10 ||    12
Armor: Leather armour    |    30 |       ||    30
       Robe              |     1 |    37 ||    38
Dodge: Dodged            |   108 |   153 ||   261
       Rpst.: Falchion   |    33 |    43 ||    76

Table legend:
 A = Spawn XP
 B = Non-spawn XP
 C = Spawn XP percentage of total XP
 D = Spawn monster count
 E = Non-spawn monster count
 F = Spawn count percentage of total count
 G = Total turns spent on level
                    A         B        C        D         E        F      G
               +---------+---------+-------+---------+---------+-------+---------
         Total |       0 |     593 |   0.0 |       0 |     106 |   0.0 |  4666
               +---------+---------+-------+---------+---------+-------+---------
           D:1 |       0 |      80 |   0.0 |       0 |      36 |   0.0 |   968
           D:2 |       0 |     187 |   0.0 |       0 |      28 |   0.0 |  1807
           D:3 |       0 |     197 |   0.0 |       0 |      33 |   0.0 |  1669
           D:4 |       0 |     129 |   0.0 |       0 |       9 |   0.0 |   222
               +---------+---------+-------+---------+---------+-------+---------
